 Yiufcrawl Soup (a DCSS fork) version 1.5.2b1-yiuf-19-g91104ff (webtiles) character file.

1585 MarkovLaser the Cleaver (level 8, -5/81 HPs)
             Began as a Bearkin Berserker on July 31, 2017.
             Was a Believer of Trog.
             Hit by a tomahawk thrown by an orc warrior (20 damage)
             ... on level 7 of the Dungeon.
             The game lasted 00:14:15 (6723 turns).

MarkovLaser the Cleaver (Bearkin Berserker)         Turns: 6723, Time: 00:14:15

Health: -5/81      AC:  3    Str: 21    XL:     8   Next: 61%
Magic:  9/9        EV:  9    Int:  8    God:    Trog [**....]
Gold:   337        SH:  0    Dex: 14    Spells: 7/7 levels left

rFire    . . .     SeeInvis .   r - +1 war axe
rCold    + . .     Gourm    .   (no shield)
rNeg     + . .     Faith    .   (armour unavailable)
rPois    .         Spirit   .   (helmet unavailable)
rElec    .         Reflect  .   (cloak unavailable)
rCorr    .         Harm     .   (gloves unavailable)
MR       +++..                  (boots unavailable)
Stlth    +.........             (no amulet)
Regen    1.3/turn               n - ring of positive energy
MPRegen  0.2/turn               (no ring)

@: regenerating
A: no armour, claws 1, fangs 1, carnivore 3, clever, high mp 2, robust 1, shaggy
fur 3
a: Berserk, Trog's Hand, Renounce Religion


You were on level 7 of the Dungeon.
You worshipped Trog.
Trog was pleased with you.
You were very full.

You visited 1 branch of the dungeon, and saw 7 of its levels.

You collected 337 gold pieces.

Inventory:

Hand Weapons
 r - a +1 war axe (weapon)
Missiles
 a - 9 tomahawks (quivered)
Jewellery
 n - a ring of positive energy (left claw)
Wands
 i - a wand of paralysis (17/24)
 q - a wand of iceblast (13/15)
 u - a wand of lightning (3/15)
Scrolls
 f - a scroll of fear
 h - 3 scrolls of identify
 l - 2 scrolls of enchant weapon
 m - 2 scrolls of remove curse {unknown}
 s - 2 scrolls of blinking {unknown}
 t - 4 scrolls of teleportation
Potions
 e - 4 potions of curing
 g - a potion of invisibility {unknown}
 k - a potion of agility
 o - a potion of lignification {unknown}
 p - 2 potions of heal wounds {unknown}
Comestibles
 b - 2 meat rations
 c - 12 fruits
 d - 6 royal jellies


   Skills:
 - Level 6.1 Fighting
 + Level 9.2 Axes
 - Level 3.0 Throwing
 - Level 3.0 Dodging


You had 7 spell levels left.
You didn't know any spells.

Dungeon Overview and Level Annotations

Branches:
Dungeon (7/15)             Temple (0/1) D:4

Altars:
Ashenzari
Hepliaklqana
Makhleb
Nemelex Xobeh
Xom
The Shining One


Innate Abilities, Weirdness & Mutations

You can easily heft most weapons in one hand.
You become enormous when angry, and thus cannot wear armour.
You have sharp fingernails.
You have very sharp teeth.
You are carnivorous and can eat meat at any time.
Your thick and shaggy fur keeps you warm. (AC +3, rC+)
Your mind is acute. (Int +3)
You have a considerably increased reservoir of magic. (+20% MP)
You are robust. (+7% HP)


Message History

The iguana is heavily wounded.
The bolt of lightning misses the hippogriff.
The bolt of lightning hits the orc.
You kill the orc!
Trog accepts your kill.
Evoking this partially-identified wand wasted a few charges.
You hear a shout! x5; You hear a croak.
You hear an angry buzzing noise. x5
You hear a shout! x3
The iguana bites you.
* * * LOW HITPOINT WARNING * * *
You feel the effects of Trog's Hand fading.
An orc warrior comes into view. It is wielding a mace.
The orc warrior shouts!
The orc warrior throws a tomahawk.
The tomahawk hits you.
* * * LOW HITPOINT WARNING * * *
You see here a tomahawk.
An orc comes into view.
The orc shouts!
The orc warrior throws a tomahawk.
The tomahawk hits you!!
You die...

#..###..#
#.#.#<# #.##o##
#.##.# #.##.#
#.##H# #.##.#
####.##
#.##H####.....oo
#..l(@.....#
######.##### .#
##


You could see a hippogriff, an orc warrior, an iguana and an orc.

Vanquished Creatures
  A hippogriff (D:7)
  A sky beast (D:5)
  3 phantoms
  2 ogres
  3 centaurs
  3 scorpions
  A centaur zombie (D:5)
  A crimson imp (D:5)
  2 bullfrog skeletons (D:4)
  A jelly (D:5)
  A gnoll shaman (D:6)
  6 worker ants
  4 adders
  6 gnolls
  An adder skeleton (D:6)
  2 worms
  A dart slug (D:5)
  A leopard gecko (D:5)
  9 orcs
  5 giant cockroaches
  4 goblins
  3 hobgoblins
  4 jackals (D:1)
  A quokka (D:3)
  6 ball pythons
  6 bats
  4 frilled lizards
  3 kobolds
  6 rats
91 creatures vanquished.

Notes
Turn   | Place    | Note
-------+----------+-------------------------------------------
     0 | D:1      | MarkovLaser the Bearkin Berserker began the quest for the Orb.
     0 | D:1      | Reached XP level 1. HP: 21/21 MP: 1/1
   430 | D:1      | Gained mutation: You are robust. (+7% HP) [the bear spirit]
   430 | D:1      | Reached XP level 2. HP: 24/33 MP: 2/2
  1023 | D:2      | Reached skill level 5 in Fighting
  1409 | D:2      | Reached XP level 3. HP: 29/41 MP: 3/3
  1880 | D:3      | Reached ** piety under Trog
  2161 | D:3      | Gained mutation: You have an increased reservoir of magic. (+10% MP) [the bear spirit]
  2161 | D:3      | Reached XP level 4. HP: 26/51 MP: 3/4
  2914 | D:4      | Noticed an ogre
  2923 | D:4      | Killed an ogre
  2923 | D:4      | Reached skill level 2 in Axes
  2923 | D:4      | Reached XP level 5. HP: 17/58 MP: 5/5
  3567 | D:4      | Reached skill level 3 in Axes
  3868 | D:4      | Found a glowing golden altar of the Shining One.
  3914 | D:4      | Gained mutation: Your mind is acute. (Int +3) [the bear spirit]
  3914 | D:4      | Reached XP level 6. HP: 66/66 MP: 6/6
  4062 | D:4      | Reached skill level 4 in Axes
  4341 | D:4      | Found a faded altar of an unknown god.
  4421 | D:4      | Reached skill level 5 in Axes
  4431 | D:4      | HP: 3/66 [poisoned by a worker ant]
  4436 | D:4      | HP: 2/66 [poisoned by a worker ant]
  4442 | D:4      | HP: 2/66 [poisoned by a worker ant]
  4750 | D:4      | Found a staircase to the Ecumenical Temple.
  4839 | D:5      | Entered Level 5 of the Dungeon
  4927 | D:5      | Reached XP level 7. HP: 38/73 MP: 7/7
  5194 | D:5      | Reached skill level 6 in Axes
  5669 | D:5      | Reached skill level 7 in Axes
  5890 | D:5      | Gained mutation: You have a considerably increased reservoir of magic. (+20% MP) [the bear spirit]
  5890 | D:5      | Reached XP level 8. HP: 55/81 MP: 7/9
  6379 | D:6      | Found a sparkling altar of Nemelex Xobeh.
  6381 | D:6      | Found a burning altar of Makhleb.
  6382 | D:6      | Found a shimmering altar of Xom.
  6382 | D:6      | Found a shattered altar of Ashenzari.
  6383 | D:6      | Found a hazy altar of Hepliaklqana.
  6476 | D:6      | Reached skill level 8 in Axes
  6683 | D:6      | Reached *** piety under Trog
  6702 | D:7      | Noticed a hippogriff
  6703 | D:7      | Noticed a hippogriff
  6713 | D:7      | Killed a hippogriff
  6713 | D:7      | Reached skill level 9 in Axes
  6723 | D:7      | Hit by a tomahawk thrown by an orc warrior

Skill      XL: |  1  2  3  4  5  6  7  8 |
---------------+-------------------------+-----
Fighting       | 4 5 6 |  6.1
Axes           | 2 3 5 7 9 |  9.2
Throwing       | |  3.0
Dodging        | |  3.0

Action                   |  1- 3 |  4- 6 |  7- 9 || total
-------------------------+-------+-------+-------++-------
Melee: Unarmed           |    48 |       |       ||    48
       Bite              |     9 |    11 |    15 ||    35
       Scythe            |    86 |    19 |       ||   105
       Club              |     2 |       |       ||     2
       War axe           |       |    75 |   114 ||   189
Throw: Tomahawk          |       |       |     3 ||     3
Invok: Berserk           |     2 |     8 |     7 ||    17
       Trog's Hand       |       |       |     1 ||     1
Evoke: Wand              |       |       |     1 ||     1
  Use: Potion            |     1 |       |       ||     1
       Scroll            |       |    11 |       ||    11
 Stab: Sleeping          |       |     2 |     1 ||     3
  Eat: Chunk             |    11 |    11 |     8 ||    30
Armor: Skin              |    50 |    18 |    19 ||    87
Dodge: Dodged            |    75 |    43 |    38 ||   156
